 Dungeon Crawl Stone Soup version 0.26-a0-818-g75db068ed4 (webtiles) character file.

Game seed: 18096290374548165724

44 runemasterragnar the Skirmisher (level 3, -4/33 HPs)
             Began as a Draconian Chaos Knight on Nov 14, 2020.
             Was a Plaything of Xom.
             Slain by a gnoll
             ... wielding a +0 spear
              (5 damage)
             ... on level 2 of the Dungeon.
             The game lasted 00:00:52 (1125 turns).

runemasterragnar the Skirmisher (DrCK)              Turns: 1125, Time: 00:00:52

Health: -4/33      AC:  7    Str: 14    XL:     3   Next: 39%
Magic:  3/3        EV: 12    Int: 13    God:    Xom [..*...]
Gold:   99         SH:  0    Dex: 10    Spells: 2/2 levels left

rFire    . . .     SeeInvis .   a - +0 hand axe (chaos)
rCold    . . .     Faith    .   (no shield)
rNeg     . . .     Spirit   .   (armour unavailable)
rPois    .         Reflect  .   (helmet restricted)
rElec    .         Harm     .   (no cloak)
rCorr    .         Rampage  .   e - +1 pair of gloves
MR       .....                  (no boots)
Stlth    +.........             (no amulet)
HPRegen  0.11/turn              (no ring)
MPRegen  0.08/turn              (no ring)

@: no status effects
A: unfitting armour, cold-blooded, AC +5
a: Renounce Religion


You were on level 2 of the Dungeon.
You worshipped Xom.
You were a toy of Xom.
You visited 1 branch of the dungeon, and saw 2 of its levels.

You collected 99 gold pieces.

Inventory:

Hand Weapons
 a - a +0 hand axe of chaos (weapon)
Missiles
 b - 13 sling bullets
Armour
 e - a +1 pair of gloves (worn)
Scrolls
 c - a scroll of amnesia {unknown}
 d - a scroll of fear {unknown}
 g - a scroll of teleportation {unknown}
 h - a scroll of identify {unknown}
Potions
 f - a potion of haste {unknown}


   Skills:
 + Level 4.1 Fighting
 + Level 3.5 Axes
 + Level 2.5 Dodging


You had 2 spell levels left.
You didn't know any spells.
Your spell library was empty.

Dungeon Overview and Level Annotations

Branches:
Dungeon (2/15)

Altars:


Innate Abilities, Weirdness & Mutations

Your plain brown scales are hard. (AC +5)
You cannot fit into any form of body armour.
You are cold-blooded and may be slowed by cold attacks.


Message History

The gnoll hits you. The gnoll misses you. The gnoll barely misses you.
Unknown command.
You closely miss the gnoll.
The gnoll is almost dead.
The gnoll hits you!
* * * LOW HITPOINT WARNING * * *
The gnoll hits you but does no damage.
You hit the gnoll.
You kill the gnoll!
The gnoll closely misses you.
The gnoll hits you from afar with a +0 spear.
* * * LOW HITPOINT WARNING * * *
Your Fighting skill increases to level 4!
Unknown command.
The gnoll hits you with a +0 spear.
* * * LOW HITPOINT WARNING * * *
Things that are here:
a scroll labelled EMEKAW KURCHEM; a gnoll corpse You barely miss the gnoll.
The gnoll hits you with a +0 spear.
You die...

.≈.≈.####...... ..
.≈≈≈..$.......#... .
#..>...#.....#...
#.###.....##.......
.....#..........# #
.....#..#.....#### ##.
#.......<.....#
##...###...$.........#
#.....@)..##.###...†.#
#...#g†......# #.....#
#.....##..##.# #.....#
#.........##.# #.....#
#.......#####..
####### .......# ###
....##. ..#. ..


You could see a gnoll.

Vanquished Creatures
  2 gnolls (D:2)
  A dart slug (D:1)
  2 giant cockroaches
  4 goblins (D:1)
  2 hobgoblins
  2 jackals (D:1)
  A ball python (D:1)
  3 frilled lizards (D:1)
  4 kobolds
  3 rats (D:1)
24 creatures vanquished.

Notes
Turn   | Place    | Note
-------+----------+-------------------------------------------
     0 | D:1      | runemasterragnar the Draconian Chaos Knight began the quest
                  | for the Orb.
     0 | D:1      | Reached XP level 1. HP: 19/19 MP: 1/1
    42 | D:1      | XOM: potion effect (haste)
   307 | D:1      | Reached XP level 2. HP: 19/26 MP: 2/2
  1118 | D:2      | Reached XP level 3. HP: 22/33 MP: 3/3
  1124 | D:2      | Reached skill level 4 in Fighting
  1124 | D:2      | HP: 1/33 [gnoll/+0 spear (2)]
  1125 | D:2      | Slain by a gnoll

Illustrated notes

Levels and vault maps discovered:
D:1:      shiori_arrival_maze, layout_basic
D:2:      layout_rooms, lemuel_coloured_pillars_altar,
          nicolae_overflow_hidden_temple, chequers_serial_rivers_micro_d,
          uniq_jessica

Skill      XL: |  1  2  3 |
---------------+----------+-----
Fighting       | 4 |  4.1
Axes           | |  3.5
Dodging        | |  2.5

Action                   || total
-------------------------++-------
Melee: Hand axe          ||    62
       Tailslap          ||     4
Armor: Skin              ||    18
Dodge: Dodged            ||    46

Table legend: (Time is in decaauts)
 A = Elapsed time spent in this place.
 B = Non-inter-level travel time spent in this place.
 C = Inter-level travel time spent in this place.
 D = Time resting spent in this place.
 E = Time spent auto-exploring this place.
 F = Levels seen in this place.
 G = Mean time per level.
                   A        B        C        D        E       F      G
               +--------+--------+--------+--------+--------+-----+--------+
         Total |   1113 |   1104 |      9 |      0 |    945 |   2 |  556.5 |
       Dungeon |   1113 |   1104 |      9 |      0 |    945 |   2 |  556.5 |
               +--------+--------+--------+--------+--------+-----+--------+

Top non-repeatable levels by time:
     D:1: 1080 daAuts
     D:2: 32 daAuts
